 Dungeon Crawl Stone Soup version 0.28-a0-1616-g050a50673c (webtiles) character file.

Game seed: 5354994027781999204

8490 Gargoyl the Fighter (level 11, -4/89 HPs)
             Began as a Gnoll Abyssal Knight on Jan 22, 2022.
             Was an Elder of Lugonu.
             Slain by a gnoll (5 damage)
             ... on level 10 of the Dungeon.
             The game lasted 00:12:21 (11316 turns).

Gargoyl the Fighter (Gnoll Abyssal Knight)         Turns: 11316, Time: 00:12:21

Health: -4/89      AC: 13    Str: 17    XL:     11   Next: 31%
Magic:  19/20      EV:  7    Int: 10    God:    Lugonu [****..]
Gold:   1308       SH:  0    Dex: 12    Spells: 22/22 levels left

rFire   + + +      SeeInvis .   a - +7 hand axe (venom)
rCold   + . .      Faith    .   (no shield)
rNeg    + . .      Spirit   .   w - +0 plate armour {rF+}
rPois   .          Reflect  .   b - +0 hat of the Quahog {rN+ Will++ Str+2}
rElec   .          Harm     .   A - scarf {rC+ rF+}
rCorr   .          Rampage  .   k - +0 pair of gloves
Will    ++...                   (no boots)
Stlth   ..........              (no amulet)
HPRegen 0.24/turn               m - ring of protection from fire
MPRegen 0.17/turn               u - +4 ring of protection

@: no status effects
A: fangs 1, strong nose, distributed training, deformed body, mutation
resistance 1, weak 1
a: Renounce Religion, Depart the Abyss, Bend Space, Banish, Corrupt


You were on level 10 of the Dungeon.
You worshipped Lugonu.
Lugonu was greatly pleased with you.
You visited 1 branch of the dungeon, and saw 10 of its levels.
You visited the Abyss 1 time.

You collected 1399 gold pieces.
You spent 91 gold pieces at shops.

Inventory:

Hand Weapons
 a - a +7 hand axe of venom (weapon)
 n - a +2 scimitar of flaming
Missiles
 z - 4 curare-tipped darts (quivered)
 C - 4 poisoned darts
Armour
 b - the +0 hat of the Quahog (worn) {rN+ Will++ Str+2}
   (You acquired it on level 3 of the Dungeon)

   Str:       It affects your strength (+2).
   rN:        It protects you from negative energy.
   Will:      It greatly increases your willpower.
 k - a +0 pair of gloves (worn)
 l - a scarf of repulsion
 w - a +0 plate armour of fire resistance (worn)
 x - a +2 cloak
 A - a scarf of resistance (worn)
Jewellery
 m - a ring of protection from fire (left hand)
 t - the amulet "Ippyokkaiti" {Spirit rElec rC+++ Str+4 Stlth-}
   (You found it on level 8 of the Dungeon)

   [amulet of guardian spirit]

   It causes incoming damage to be divided between your reserves of health and
   magic.
   Str:       It affects your strength (+4).
   rC:        It renders you almost immune to cold.
   rElec:     It insulates you from electricity.
   Stlth:     It makes you less stealthy.
 u - a +4 ring of protection (right hand)
 y - a ring of flight
 B - a ring of poison resistance
Wands
 j - a wand of paralysis (16)
 p - a wand of flame (35)
 r - a wand of digging (11)
Scrolls
 d - 2 scrolls of teleportation
 o - 2 scrolls of fear
Potions
 e - a potion of ambrosia
 h - a potion of haste
 i - 6 potions of curing
 q - a potion of might
 s - 3 potions of cancellation


   Skills:
 + Level 9.1 Fighting
 + Level 6.2 Short Blades
 + Level 6.2 Long Blades
 + Level 7.8 Axes
 + Level 6.2 Maces & Flails
 + Level 6.2 Polearms
 + Level 6.2 Staves
 + Level 6.2 Slings
 + Level 6.2 Bows
 + Level 6.2 Crossbows
 + Level 6.2 Throwing
 + Level 7.8 Armour
 + Level 6.7 Dodging
 + Level 6.2 Stealth
 + Level 6.2 Shields
 + Level 6.2 Unarmed Combat
 + Level 6.2 Spellcasting
 + Level 5.1 Conjurations
 + Level 5.1 Hexes
 + Level 5.1 Summonings
 + Level 5.1 Necromancy
 + Level 5.1 Translocations
 + Level 5.1 Transmutations
 + Level 5.1 Fire Magic
 + Level 5.1 Ice Magic
 + Level 5.1 Air Magic
 + Level 5.1 Earth Magic
 + Level 5.1 Poison Magic
 + Level 8.3 Invocations
 + Level 6.2 Evocations


You had 22 spell levels left.
You didn't know any spells.
Your spell library contained the following spells:

 Spells                   Type           Power      Damage    Failure   Level
 Animate Skeleton         Necr           26%        N/A       61%         1
 Pain                     Necr           52%        1d6       61%         1
 Scorch                   Fire           26%        2d6       75%         2
 Tukima's Dance           Hex            13%        N/A       93%         3
 Vampiric Draining        Necr           13%        2d6       93%         3
 Anguish                  Hex/Necr       6%         N/A       100%        4
 Flame Wave               Conj/Fire      13%        2d6       100%        4
 Summon Cactus Giant      Summ           6%         N/A       100%        6
 Enfeeble                 Hex            6%         N/A       100%        7


Dungeon Overview and Level Annotations

Branches:
Dungeon (10/15)            Temple (0/1) D:6            Lair (0/6) D:10
    Orc: D:9-12

Altars:
Kikubaaqudgha
Sif Muna
Yredelemnul

Shops:
D:3 *   D:8 *

Annotations:
D:8 2 transporters


Innate Abilities, Weirdness & Mutations

You have very sharp teeth.
Your uncanny sense of smell can sniff out nearby items.
Your experience applies equally to all skills.
Armour fits poorly on your strangely shaped body.
You are somewhat resistant to further mutation.
You are weak. (Str -2)


Message History

* * * LOW HITPOINT WARNING * * *
The gnoll hits you but does no damage.
The gnoll sergeant hits you from afar with a +0 trident!
* * * LOW HITPOINT WARNING * * *
You hit the gnoll but do no damage.
The gnoll is almost dead.
You hit the gnoll. x2
You kill the gnoll!
Lugonu accepts your kill.
You kill the gnoll!
Lugonu accepts your kill. The gnoll barely misses you.
The gnoll hits you but does no damage.
The gnoll sergeant hits you from afar with a +0 trident.
* * * LOW HITPOINT WARNING * * *
The gnoll hits you but does no damage. The gnoll hits you with a +0 halberd.
* * * LOW HITPOINT WARNING * * *
The gnoll hits you but does no damage.
The gnoll sergeant hits you with a +0 trident.
* * * LOW HITPOINT WARNING * * *
Things that are here:
a +0 club; a gnoll corpse Unknown command.
Unknown command.
You feel much better. The gnoll hits you with a +0 club.
* * * LOW HITPOINT WARNING * * *
The gnoll barely misses you. The gnoll hits you but does no damage.
The gnoll sergeant hits you with a +0 trident.
* * * LOW HITPOINT WARNING * * *
Unknown command.
You completely miss the gnoll. Your bite misses the gnoll.
You completely miss the gnoll sergeant. You slash the gnoll!
You kill the gnoll!
Lugonu accepts your kill.
You barely miss the gnoll. The gnoll hits you with a +0 halberd!
* * * LOW HITPOINT WARNING * * *
The gnoll hits you but does no damage. Space bends sharply around you!
You blink.
Found 24 gold pieces.
The gnoll sergeant hits you but does no damage.
The gnoll hits you from afar with a +0 spear.
You die...

.. #..^. #####....# #.....
##........# ## #.(#..
.(........ #.##..... #.........
##...#...# #......[.. ..##
#......... #........$ #....
#.#.....# ##.@....... .....
#......###g.......... .....
#...##..(§gg.........###.....
#...#))...$........#.#....
########.####......!........#..
# .....<#### #...........##....
# ......# ....#.#...###....####
####..# .#.######..........##.
...#..# ..... ............!


You could see a gnoll sergeant and 2 gnolls.

Vanquished Creatures
  A centaur warrior (D:10)
  A two-headed ogre (D:8)
  Pikel (D:8)
  A deep elf pyromancer (D:9)
  A kobold demonologist (D:10)
  An efreet (D:10)
  A hornet (D:9)
  A wraith (D:9)
  A shadow (D:8)
  5 yaks (D:10)
  A water moccasin (D:8)
  5 orc warriors
  A sky beast (D:7)
  An ogre (D:6)
  2 centaurs
  2 necrophages
  2 phantoms (D:6)
  2 lemures (D:8)
  2 bullfrogs
  4 kobold brigands
  3 scorpions
  A wyvern zombie (D:8)
  A water moccasin zombie (D:6)
  2 water moccasin skeletons
  A killer bee (D:6)
  3 wights
  2 centaur skeletons (D:7)
  3 orc priests
  2 hounds
  6 iguanas
  A jelly (D:6)
  Terence (D:2)
  9 orc wizards
  A killer bee zombie (D:7)
  A centaur simulacrum (D:10)
  A hound skeleton (D:4)
  A howler monkey skeleton (D:5)
  6 gnolls
  5 adders
  2 white imps (D:6)
  2 ufetubi
  2 worms (D:3)
  2 dart slugs
  23 orcs
  5 bats
  4 endoplasms
  2 giant cockroaches
  8 goblins
  9 hobgoblins
  4 jackals (D:2)
  15 kobolds
  4 quokkas
  8 ball pythons
  6 frilled lizards
  2 rats
184 creatures vanquished.

Vanquished Creatures (collateral kills)
  Harold (D:10)
  A wyvern (D:8)
  A kobold brigand (D:10)
  2 killer bees (D:6)
  A wight (D:8)
  An orc (D:10)
7 creatures vanquished.

Grand Total: 191 creatures vanquished

Notes
Turn   | Place    | Note
-------+----------+-------------------------------------------
     0 | Abyss:1  | Gargoyl the Gnoll Abyssal Knight began the quest for the
                  | Orb.
     0 | Abyss:1  | Reached XP level 1. HP: 23/23 MP: 3/3
    44 | Abyss:1  | Noticed a shining eye
    72 | D:1      | Escaped the Abyss
   210 | D:1      | Reached XP level 2. HP: 26/29 MP: 5/5
   288 | D:1      | Reached * piety under Lugonu
   753 | D:1      | Reached XP level 3. HP: 35/35 MP: 6/6
   788 | D:1      | Found a faded altar of an unknown god.
  1070 | D:2      | Found an ancient bone altar of Kikubaaqudgha.
  1224 | D:2      | Reached skill level 1 in Short Blades
  1224 | D:2      | Reached skill level 1 in Long Blades
  1224 | D:2      | Reached skill level 1 in Maces & Flails
  1224 | D:2      | Reached skill level 1 in Polearms
  1224 | D:2      | Reached skill level 1 in Staves
  1224 | D:2      | Reached skill level 1 in Slings
  1224 | D:2      | Reached skill level 1 in Bows
  1224 | D:2      | Reached skill level 1 in Crossbows
  1224 | D:2      | Reached skill level 1 in Throwing
  1224 | D:2      | Reached skill level 1 in Stealth
  1224 | D:2      | Reached skill level 1 in Shields
  1224 | D:2      | Reached skill level 1 in Unarmed Combat
  1224 | D:2      | Reached skill level 1 in Spellcasting
  1224 | D:2      | Reached skill level 1 in Evocations
  1365 | D:2      | Noticed Terence
  1388 | D:2      | Killed Terence
  1389 | D:2      | Reached XP level 4. HP: 24/41 MP: 7/7
  1809 | D:3      | Identified a scroll of acquirement
  1809 | D:3      | Acquired the +0 hat of the Quahog {rN+ Will++ Str+2}
  2042 | D:3      | Reached skill level 1 in Conjurations
  2042 | D:3      | Reached skill level 1 in Hexes
  2042 | D:3      | Reached skill level 1 in Summonings
  2042 | D:3      | Reached skill level 1 in Necromancy
  2042 | D:3      | Reached skill level 1 in Translocations
  2042 | D:3      | Reached skill level 1 in Transmutations
  2042 | D:3      | Reached skill level 1 in Fire Magic
  2042 | D:3      | Reached skill level 1 in Ice Magic
  2042 | D:3      | Reached skill level 1 in Air Magic
  2042 | D:3      | Reached skill level 1 in Earth Magic
  2042 | D:3      | Reached skill level 1 in Poison Magic
  2046 | D:3      | Reached ** piety under Lugonu
  2051 | D:3      | Reached XP level 5. HP: 39/47 MP: 8/8
  2488 | D:3      | Found Dutouhesk's General Store.
  2499 | D:3      | Bought a +0 pair of gloves for 58 gold pieces
  2608 | D:3      | Reached skill level 5 in Invocations
  2935 | D:4      | Reached XP level 6. HP: 48/53 MP: 9/9
  3034 | D:4      | Found a shimmering blue altar of Sif Muna.
  3062 | D:4      | Reached skill level 5 in Axes
  3062 | D:4      | Reached skill level 5 in Armour
  3729 | D:4      | Reached XP level 7. HP: 46/59 MP: 10/10
  3960 | D:5      | Entered Level 5 of the Dungeon
  3977 | D:4      | Reached skill level 7 in Fighting
  4949 | D:6      | Reached XP level 8. HP: 61/67 MP: 12/12
  5912 | D:6      | Found a staircase to the Ecumenical Temple.
  6168 | D:7      | Gained mutation: You are somewhat resistant to further
                  | mutation. [potion of mutation]
  6169 | D:7      | Lost mutation: You are somewhat resistant to further
                  | mutation. [potion of mutation]
  6169 | D:7      | Gained mutation: Armour fits poorly on your strangely
                  | shaped body. [potion of mutation]
  6169 | D:7      | Gained mutation: You are weak. (Str -2) [potion of
                  | mutation]
  6169 | D:7      | Gained mutation: You are somewhat resistant to further
                  | mutation. [potion of mutation]
  6224 | D:7      | Reached *** piety under Lugonu
  6301 | D:7      | Reached XP level 9. HP: 72/72 MP: 14/14
  6343 | D:7      | You fall into a shaft and drop 2 floors!
  6764 | D:8      | Noticed Pikel
  6797 | D:8      | Killed Pikel
  6798 | D:8      | Reached skill level 8 in Fighting
  6798 | D:8      | Reached skill level 5 in Dodging
  6946 | D:8      | Noticed a death knight
  6948 | D:8      | Noticed a death knight
  6958 | D:8      | Found an ancient bone altar of Kikubaaqudgha.
  6968 | D:8      | Noticed a death knight
  7066 | D:8      | Found a transporter.
  7134 | D:8      | Found a transporter.
  7155 | D:8      | Found a basalt altar of Yredelemnul.
  7226 | D:8      | Identified the amulet "Ippyokkaiti" {Spirit rElec rC+++
                  | Str+4 Stlth-}
  7233 | D:8      | Acquired 868 gold pieces
  7516 | D:8      | Noticed a two-headed ogre
  7528 | D:8      | Killed a two-headed ogre
  7529 | D:8      | Reached XP level 10. HP: 19/80 MP: 15/17
  8065 | D:8      | Found Cucoil's Serpentskin Sales.
  8073 | D:8      | Reached skill level 5 in Short Blades
  8073 | D:8      | Reached skill level 5 in Long Blades
  8073 | D:8      | Reached skill level 5 in Maces & Flails
  8073 | D:8      | Reached skill level 5 in Polearms
  8073 | D:8      | Reached skill level 5 in Staves
  8073 | D:8      | Reached skill level 5 in Slings
  8073 | D:8      | Reached skill level 5 in Bows
  8073 | D:8      | Reached skill level 5 in Crossbows
  8073 | D:8      | Reached skill level 5 in Throwing
  8073 | D:8      | Reached skill level 5 in Stealth
  8073 | D:8      | Reached skill level 5 in Shields
  8073 | D:8      | Reached skill level 5 in Unarmed Combat
  8073 | D:8      | Reached skill level 5 in Spellcasting
  8073 | D:8      | Reached skill level 5 in Evocations
  8075 | D:8      | Bought 4 curare-tipped darts for 33 gold pieces
  9413 | D:9      | Identified the +3 leather armour of Poqaykoph {-Tele rCorr
                  | Int+9 Dex-2}
  9776 | D:9      | Noticed a deep elf pyromancer
  9790 | D:9      | Killed a deep elf pyromancer
 10152 | D:10     | Entered Level 10 of the Dungeon
 10306 | D:10     | Noticed a centaur warrior
 10323 | D:10     | Killed a centaur warrior
 10584 | D:10     | Noticed a manticore
 10593 | D:10     | Reached **** piety under Lugonu
 10593 | D:10     | Banished a manticore
 10915 | D:10     | Reached XP level 11. HP: 66/87 MP: 19/19
 10932 | D:10     | Reached skill level 9 in Fighting
 11248 | D:10     | Found a staircase to the Lair.
 11249 | D:10     | Noticed Harold
 11254 | D:10     | Noticed a sun demon
 11259 | D:10     | Reached skill level 5 in Conjurations
 11259 | D:10     | Reached skill level 5 in Hexes
 11259 | D:10     | Reached skill level 5 in Summonings
 11259 | D:10     | Reached skill level 5 in Necromancy
 11259 | D:10     | Reached skill level 5 in Translocations
 11259 | D:10     | Reached skill level 5 in Transmutations
 11259 | D:10     | Reached skill level 5 in Fire Magic
 11259 | D:10     | Reached skill level 5 in Ice Magic
 11259 | D:10     | Reached skill level 5 in Air Magic
 11259 | D:10     | Reached skill level 5 in Earth Magic
 11259 | D:10     | Reached skill level 5 in Poison Magic
 11268 | D:10     | Noticed a sun demon
 11272 | D:10     | Killed Harold
 11313 | D:10     | HP: 3/89 [gnoll sergeant (3)]
 11316 | D:10     | Slain by a gnoll

Illustrated notes

Levels and vault maps discovered:
D:1:      dpeg_cavernosity, layout_basic, shapermc_ecumenical_altar_acropolis
D:2:      layout_basic, basic_altar, uniq_terence
D:3:      layout_basic, serial_shops, shop, hangedman_decor_lopped,
          nicolae_elevator_lobby_plus
D:4:      layout_loops_cross, mainiacjoe_overflow_alcove_1
D:5:      layout_rooms
D:6:      layout_rooms, minmay_temple_entry_from_below_a
D:7:      layout_basic
D:8:      layout_basic, gammafunk_temple_of_torment, guppyfry_shop_venom,
          uniq_pikel
D:9:      layout_long_grid, serial_glass, glass_columns_c, glass_columns_a,
          item_on_display_a, feat_on_display, due_unseen_surprise,
          minmay_strange_pillars
D:10:     cheibrodos_elevator_heist, layout_cave_pools,
          mainiacjoe_overflow_alcove_2, lair_entry_dummy, erik_orc_1,
          gammafunk_ghost_stat_death, enter_bailey_1, uniq_harold

Skill      XL: |  1  2  3  4  5  6  7  8  9 10 11 |
---------------+----------------------------------+-----
Short Blades   | 1 2 3 4 5 6 |  6.2
Long Blades    | 1 2 3 4 5 6 |  6.2
Maces & Flails | 1 2 3 4 5 6 |  6.2
Polearms       | 1 2 3 4 5 6 |  6.2
Staves         | 1 2 3 4 5 6 |  6.2
Slings         | 1 2 3 4 5 6 |  6.2
Bows           | 1 2 3 4 5 6 |  6.2
Crossbows      | 1 2 3 4 5 6 |  6.2
Throwing       | 1 2 3 4 5 6 |  6.2
Stealth        | 1 2 3 4 5 6 |  6.2
Shields        | 1 2 3 4 5 6 |  6.2
Unarmed Combat | 1 2 3 4 5 6 |  6.2
Spellcasting   | 1 2 3 4 5 6 |  6.2
Evocations     | 1 2 3 4 5 6 |  6.2
Conjurations   | 1 2 3 4 5 |  5.1
Hexes          | 1 2 3 4 5 |  5.1
Summonings     | 1 2 3 4 5 |  5.1
Necromancy     | 1 2 3 4 5 |  5.1
Translocations | 1 2 3 4 5 |  5.1
Transmutations | 1 2 3 4 5 |  5.1
Fire Magic     | 1 2 3 4 5 |  5.1
Ice Magic      | 1 2 3 4 5 |  5.1
Air Magic      | 1 2 3 4 5 |  5.1
Earth Magic    | 1 2 3 4 5 |  5.1
Poison Magic   | 1 2 3 4 5 |  5.1
Dodging        | 3 4 5 6 |  6.7
Invocations    | 5 6 7 8 |  8.3
Axes           | 5 6 7 |  7.8
Armour         | 5 6 7 |  7.8
Fighting       | 7 8 9 |  9.1

Action                   |  1- 3 |  4- 6 |  7- 9 | 10-12 || total
-------------------------+-------+-------+-------+-------++-------
Melee: Hand axe          |   113 |   113 |   271 |   194 ||   691
       Bite              |    11 |     8 |    31 |    22 ||    72
       Punch             |       |     1 |     4 |     8 ||    13
Throw: Dart              |       |       |       |     6 ||     6
Invok: Depart the Abyss  |     1 |       |       |       ||     1
       Bend Space        |       |       |     1 |     5 ||     6
       Banish            |       |       |     1 |     2 ||     3
Evoke: Wand              |       |       |     8 |       ||     8
  Use: Scroll            |     5 |     3 |    12 |     9 ||    29
       Potion            |       |     1 |     3 |     2 ||     6
 Stab: Paralysed         |       |       |    10 |       ||    10
Armor: Leather armour    |     7 |       |       |       ||     7
       Ring mail         |    42 |       |       |       ||    42
       Chain mail        |       |    59 |    54 |       ||   113
       Plate armour      |       |       |   135 |   173 ||   308
Dodge: Dodged            |    75 |    50 |   101 |    80 ||   306

Table legend: (Time is in decaauts)
 A = Elapsed time spent in this place.
 B = Non-inter-level travel time spent in this place.
 C = Inter-level travel time spent in this place.
 D = Time resting spent in this place.
 E = Time spent auto-exploring this place.
 F = Levels seen in this place.
 G = Mean time per level.
                   A        B        C        D        E       F      G
               +--------+--------+--------+--------+--------+-----+--------+
         Total |  11328 |  11040 |    288 |    963 |   8220 |  11 | 1029.8 |
       Dungeon |  11256 |  10968 |    288 |    963 |   8171 |  10 | 1125.6 |
         Abyss |     72 |     72 |      0 |      0 |     49 |   1 |   72.0 |
               +--------+--------+--------+--------+--------+-----+--------+

Top non-repeatable levels by time:
     D:8: 2039 daAuts
     D:4: 1306 daAuts
    D:10: 1158 daAuts
     D:3: 1117 daAuts
     D:9: 1091 daAuts
     D:5: 1035 daAuts
     D:6: 921 daAuts
     D:1: 920 daAuts
     D:7: 841 daAuts
     D:2: 824 daAuts
 Abyss:1: 72 daAuts
